 Dungeon Crawl Stone Soup version 0.25.1-3-ge44b62a0b3 (webtiles) character file.

Game seed: 15596522676631585053

1140929 Erymatos the Axe Maniac (level 27, -6/273 HPs)
             Began as a Minotaur Berserker on Nov 24, 2020.
             Was the Champion of Trog.
             Killed by divine providence
             ... invoked by a balrug
              (8 damage)
             ... while paralysed by accursed screaming
             ... on level 2 of the Abyss.
             The game lasted 04:55:54 (113887 turns).

Erymatos the Axe Maniac (Minotaur Berserker)      Turns: 113887, Time: 04:55:56

Health: -6/273     AC: 49    Str: 37      XL:     27
Magic:  0/30       EV: -1    Int:  3 (7)  God:    Trog [******]
Gold:   10937      SH:  0    Dex: 22      Spells: 26/26 levels left

rFire    + + +     SeeInvis +   S - +11 morningstar of Exoneration {flame, rF+}
rCold    + + +     Gourm    .   d - +10 tower shield of Fortitude {rCorr Stlth+}
rNeg     + + +     Faith    .   W - +10 gold dragon scales
rPois    +         Spirit   +   j - +0 mask of the Dragon {MR+ Slay+3 SInv}
rElec    .         Reflect  .   k - +2 cloak
rCorr    +         Harm     .   L - +2 pair of gloves {Str+3}
MR       +++++     Clarity  +   E - +0 pair of boots "Ozoann" {*Slow rC+++ Dex+6} Stlth ++........Rnd*Tele +
                                a - amulet of Vaken {Spirit rN+++ MR- Int+5}
HPRegen  0.00/turn              J - ring "Anoal" {*Contam rPois rF+ MR+++ Str-3 Dex+6}
MPRegen  0.22/turn              w - ring of Rostyst {rPois Str+6}

@: paralysed, berserk cooldown, slowed, constricted, very slow
A: retaliatory headbutt, hooves 1, horns 2, thin metallic scales 1, clarity,
clumsy 2, deterioration 1, dopey 1, screaming 1, inhibited regeneration,
teleportitis 1, no potion heal 1
}: 9/15 runes: barnacled, slimy, silver, iron, obsidian, icy, bone, abyssal,
gossamer
a: Berserk, Trog's Hand, Brothers in Arms, Renounce Religion


You were on level 2 of the Abyss.
You worshipped Trog.
Trog was exalted by your worship.
You were not hungry.

You visited 15 branches of the dungeon, and saw 81 of its levels.
You visited Pandemonium 1 time, and saw 3 of its levels.
You visited the Abyss 7 times.
You also visited: Ossuary.

You collected 15992 gold pieces.
You spent 5055 gold pieces at shops.

Inventory:

Hand Weapons
 u - the +11 broad axe of Disembowelment {vorpal, Str+2}
   (Trog gifted it to you on level 10 of the Dungeon)

   It inflicts extra damage upon your enemies.
   It affects your strength (+2).
 y - a +9 demon whip of electrocution
 S - the +11 morningstar of Exoneration (weapon) {flame, rF+}
   (Trog gifted it to you on level 2 of the Abyss)

   It has been specially enchanted to burn those struck by it, causing extra
   injury to most foes and up to half again as much damage against particularly
   susceptible opponents.
   It protects you from fire.
Armour
 d - the +10 tower shield of Fortitude (worn) {rCorr Stlth+}
   (You acquired it on level 3 of the Elven Halls)

   It provides partial protection from all sources of acid and corrosion.
   It makes you more stealthy.
 j - the +0 mask of the Dragon (worn) {MR+ Slay+3 SInv}
   (You bought it in a shop on level 2 of the Orcish Mines)

   It affects your accuracy and damage with ranged weapons and melee attacks
   (+3).
   It affects your resistance to hostile enchantments.
   It lets you see invisible.
 k - a +2 cloak (worn)
 n - the +7 fire dragon scales "Naedinen" {rElec rF++ rC- rN+ MR- Str+5}
   (You found it on level 3 of the Elven Halls)

   It affects your strength (+5).
   It greatly protects you from fire.
   It makes you vulnerable to cold.
   It insulates you from electricity.
   It protects you from negative energy.
   It affects your resistance to hostile enchantments.
 p - a +0 pair of boots of flying
 E - the +0 pair of boots "Ozoann" (worn) {*Slow rC+++ Dex+6}
   (You found it on level 2 of the Vaults)

   It affects your dexterity (+6).
   It renders you almost immune to cold.
   It may slow you when you take damage.
 G - a +0 kite shield of cold resistance
 L - a +2 pair of gloves of strength (worn)
 W - +10 gold dragon scales (worn)
Jewellery
 a - the amulet of Vaken (around neck) {Spirit rN+++ MR- Int+5}
   (You acquired it on level 5 of the Vaults)

   [amulet of guardian spirit]

   It causes incoming damage to be split between your health and magic.
   It affects your intelligence (+5).
   It renders you almost immune to negative energy.
   It affects your resistance to hostile enchantments.
 q - the necklace of Bloodlust {*Rage +Rage MR++ Int-3 Slay+6 *Curse}
   (You took it off a yaktaur on level 5 of the Vaults)

   [amulet of nothing]

   It affects your intelligence (-3).
   It affects your accuracy and damage with ranged weapons and melee attacks
   (+6).
   It affects your resistance to hostile enchantments.
   It lets you go berserk.
   It may make you go berserk in combat.
   It curses itself when equipped.
 s - an uncursed amulet of regeneration
 w - the ring of Rostyst (right hand) {rPois Str+6}
   (You found it on level 3 of the Elven Halls)

   [ring of strength]

   It affects your strength (+6).
   It protects you from poison.
 z - an uncursed ring of protection from fire
 I - an uncursed ring of protection from magic
 J - the ring "Anoal" (left hand) {*Contam rPois rF+ MR+++ Str-3 Dex+6}
   (You found it on level 5 of the Pits of Slime)

   [ring of dexterity]

   It affects your strength (-3).
   It affects your dexterity (+6).
   It protects you from fire.
   It protects you from poison.
   It affects your resistance to hostile enchantments.
   It causes magical contamination when unequipped.
Wands
 b - a wand of clouds (10)
 C - a wand of enslavement (20)
 D - a wand of digging (19)
Scrolls
 e - 3 scrolls of torment
 g - 16 scrolls of identify
 h - 35 scrolls of remove curse
 o - 8 scrolls of immolation
 t - 9 scrolls of fear
 v - 2 scrolls of enchant weapon
 A - 22 scrolls of teleportation
 H - 7 scrolls of blinking
 K - 3 scrolls of vulnerability
 M - 2 scrolls of enchant armour
 N - 13 scrolls of fog
 R - a scroll of silence
 T - 4 scrolls of holy word
 Y - 10 scrolls of magic mapping
Potions
 f - 9 potions of heal wounds
 i - 25 potions of curing
 l - 10 potions of stabbing
 m - 7 potions of might
 r - a potion of flight
 x - 8 potions of lignification
 B - 7 potions of haste
 F - 8 potions of ambrosia
 O - a potion of invisibility
 P - 3 potions of resistance
 Q - a potion of berserk rage
 U - 3 potions of cancellation
 V - a potion of magic
Comestibles
 c - 36 rations


   Skills:
 O Level 27 Fighting
 O Level 27 Axes
 + Level 24.7(27) Maces & Flails
   Level 1.5(17.1) Staves
 O Level 27 Armour
 O Level 27 Dodging
 O Level 27 Stealth
 O Level 27 Shields
 + Level 11.8 Evocations


You had 26 spell levels left.
You didn't know any spells.
Your spell library was empty.

Dungeon Overview and Level Annotations

Branches:
Dungeon (15/15)            Temple (0/1) D:5            Lair (6/6) D:9
 Shoals (4/4) Lair:4       Spider (4/4) Lair:2        Slime (5/5) Lair:5
    Orc (2/2) D:12            Elf (3/3) Orc:2        Vaults (5/5) D:13
  Crypt (3/3) Vaults:2       Tomb (0/3) Crypt:3      Depths (5/5) D:15
   Hell (visited)             Dis (7/7) Hell            Geh (7/7) Hell
    Coc (7/7) Hell            Tar (7/7) Hell            Zot (0/5) Depths:5
Ossuary (visited)

Altars:
Ashenzari
Cheibriados
Elyvilon
Gozag
Hepliaklqana
Kikubaaqudgha
Makhleb
Qazlal
Ru
Xom
Yredelemnul
Beogh
Jiyva

Shops:
D:6 =   D:11 =   D:12 *   Orc:2 (}!*[:[=   Elf:2 ?   Elf:3 (   Shoals:1 *
Shoals:2 }   Vaults:4 [   Vaults:5 ?

Portals:
Hell: Depths:1 Depths:2 Depths:3 Depths:4 Depths:5
Abyss: Depths:2 Depths:3 Depths:4
Pandemonium: Orc:2 Depths:2 Depths:3 Depths:4 Depths:5
Ziggurat: Depths:2

Annotations:
Depths:5 4 runed translucent doors
Geh:1 7 runed doors


Innate Abilities, Weirdness & Mutations

You reflexively headbutt those who attack you in melee.
You have a pair of horns on your head.
You have large cloven feet.
You are partially covered in thin metallic scales. (AC +2)
You possess an exceptional clarity of mind.
You are very clumsy. (Dex -4)
Your body sometimes deteriorates upon taking damage.
You are dopey. (Int -2)
You occasionally shout uncontrollably at your foes.
You do not regenerate when monsters are visible.
You are occasionally teleported next to monsters.
Potions are less effective at restoring your health.


Message History

2 starspawn tentacles come into view.
The raiju completely misses you.
You block the starcursed mass's attack. x2
You block the sun demon's attack. The starcursed mass barely misses you.
You furiously retaliate!
You headbutt the starcursed mass, but do no damage.
The red devil hits you but does no damage.
You block the starcursed mass's attack. The raiju completely misses you.
You furiously retaliate!
You headbutt the raiju.
You kill the raiju!
Trog accepts your kill. You block the starcursed mass's attack.
The sun demon completely misses you. You furiously retaliate!
You headbutt the sun demon!
A cacophony of accursed wailing tears at your sanity!
* * * LOW HITPOINT WARNING * * *
You suddenly lose the ability to move!
The starcursed mass engulfs you but does no damage.
The starspawn tentacle grabs you. The starspawn tentacle constricts you.
The balrug gestures at you. Something smites you!
You die...

. # # #. ## ##.#
.####.. # ... ##....
.#.# ###...
..##.#...#....# .
#.#.#.Λ#.#...# ≈
###..w/.\..#.#
≈≈≈≈≈//XXXw#.#
≈≈≈//htX@X≈.####.
#.≈≈<│≈≈X3XXX≈≈≈≈≈≈♣
....X..42†x†..#.# .§
.......GX.......#
§.................#
# ..................
. # .
.................#
................##
....##......##.##


You could see 9 starcursed masses, a tentacled starspawn, a balrug, a glowing
orange brain, a sun demon, an apocalypse crab, a large abomination, a raiju, a
red devil, a small abomination and 2 starspawn tentacles.

Vanquished Creatures
  Antaeus (Coc:7)
  Asmodeus (Geh:7)
  the Royal Jelly (Slime:5)
  Dissolution (Slime:4)
  Ereshkigal (Tar:7)
  the Serpent of Hell (Dis:7)
  Dispater (Dis:7)
  Mara (Depths:3)
  2 ancient liches
  3 juggernauts
  3 pandemonium lords (Pan)
  15 shard shrikes
  Frederick (Vaults:3)
  Saint Roka (Crypt:2)
  4 golden dragons
  Geryon (Hell)
  2 caustic shrikes
  7 profane servitors
  Jory (Vaults:2)
  28 bone dragons
  31 Tzitzimimeh
  29 Brimstone Fiends
  7 doom hounds
  2 hellephants
  22 Ice Fiends
  5 iron giants (Dis:7)
  9 tentacled monstrosities
  11 Hell Sentinels
  17 liches
  3 deep elf blademasters
  5 titans
  64 tentacled starspawn
  2 quicksilver dragons (Dis:7)
  Frances (Shoals:1)
  17 acid blobs
  Murray (Hell)
  14 ancient champions
  The ghost of DogServant the Spry, an adept MfGl of Makhleb (Spider:3)
  7 Executioners
  Agnes (D:14)
  Kirke (Spider:4)
  A thorn hunter (Abyss:1)
  A draconian monk (Depths:5)
  2 sphinxes
  6 storm dragons
  Roxanne (D:15)
  13 shadow dragons
  7 tengu reavers
  2 revenants
  7 iron dragons
  A draconian knight (Abyss:1)
  A daeva (Abyss:3)
  14 azure jellies
  12 frost giants
  15 balrugs
  17 fire giants
  11 vault wardens
  10 cacodemons
  5 ghost moths
  2 orc warlords
  7 deep elf sorcerers
  16 ghouls
  2 warmongers (Pan)
  2 curse skulls (Crypt:3)
  5 angels
  2 draconian stormcallers
  4 deep elf elementalists
  3 emperor scorpions
  A caustic shrike zombie (Hell)
  12 ironheart preservers
  11 war gargoyles
  54 very ugly things
  3 draconian shifters
  65 reapers
  4 elemental wellsprings
  A blood saint (Pan)
  4 spriggan defenders
  21 stone giants
  5 entropy weavers
  5 green draconians
  2 ophanim
  12 vampire knights
  3 black draconians
  2 corrupters (Pan)
  11 lorocyprocas
  7 deep elf demonologists
  A black sun (Pan)
  14 deep elf annihilators
  A red draconian (Depths:5)
  16 spark wasps
  6 yellow draconians
  3 dire elephants
  4 white draconians (Depths:5)
  3 purple draconians
  10 deep elf death magi
  18 ettins
  12 death oozes
  A mummy priest (Crypt:3)
  17 eidola
  6 green deaths
  6 merfolk javelineers
  13 quicksilver dragon zombies
  19 blizzard demons
  6 jiangshi
  21 yaktaur captains
  81 slime creatures
  18 great orbs of eyes
  9 merfolk impalers
  3 kraken zombies
  18 rakshasas
  11 ogre magi
  36 ice dragons
  5 deep elf high priests
  16 fire dragons
  2 hell beasts
  A caustic shrike simulacrum (Depths:4)
  6 hydras
  3 naga warriors
  3 monstrous demonspawn (Pan)
  A juggernaut simulacrum (Depths:2)
  16 vault guards
  6 spriggan air magi
  4 death knights
  3 merfolk aquamancers
  7 merfolk avatars
  7 centaur warriors
  4 quicksilver dragon skeletons
  A catoblepas (Abyss:3)
  5 tengu warriors
  35 dancing weapons
  4 deep troll shamans
  5 satyrs
  26 two-headed ogres
  4 death yaks
  97 small abominations
  44 hell hogs
  The ghost of Cazemata the Severer, a novice MiBe of Trog (D:9)
  A queen ant (Spider:3)
  11 deep troll earth magi
  10 spriggan berserkers
  13 titan zombies
  64 thrashing horrors
  4 orc high priests (Orc:2)
  3 spriggans (Depths:3)
  Sonja (Lair:2)
  31 deep elf knights
  12 vampire magi
  A fire crab (Shoals:4)
  4 iron golems
  28 soul eaters
  24 sun demons
  Nergalle (Orc:1)
  44 wretched stars
  33 hell knights
  20 spatial maelstroms
  7 storm dragon zombies
  12 sea snakes
  20 flayed ghosts
  11 shadow wraiths
  3 iron trolls
  16 sixfirhies
  A spark wasp zombie (Hell)
  A death drake (Abyss:3)
  107 skeletal warriors
  8 storm dragon skeletons
  An unseen horror (shapeshifter) (Vaults:1)
  A glowing orange brain (shapeshifter) (Depths:2)
  30 deep trolls
  An entropy weaver zombie (Crypt:2)
  11 glowing orange brains
  9 unseen horrors
  5 golden dragon zombies
  31 phantasmal warriors
  23 shadow demons
  3 titan skeletons
  3 infernal demonspawn
  15 anaconda zombies
  24 deep elf archers
  3 gelid demonspawn
  A kraken simulacrum (Hell)
  2 lindwurms (Lair:6)
  5 torturous demonspawn (Pan)
  2 golden dragon skeletons (Geh:7)
  19 harpies
  19 orc knights
  10 necromancers
  9 shadow dragon zombies
  A sphinx zombie (Hell)
  13 ironbrand convokers
  5 iron dragon zombies
  35 wolf spiders
  13 anaconda skeletons
  10 wizards
  76 deep elf magi
  An orb spider (shapeshifter) (Depths:4)
  13 orb spiders
  11 shining eyes
  A shining eye (shapeshifter) (Abyss:2)
  17 frost giant zombies
  9 wolf spider zombies
  15 orc sorcerers
  6 stone giant zombies
  35 ugly things
  14 fauns
  3 oklob plants (Lair:4)
  11 fire giant zombies
  12 manticores
  2 shadow dragon skeletons
  2 elephants (Lair:6)
  6 cyclopes
  21 worldbinders
  5 black mambas
  A moth of wrath (shapeshifter) (Depths:2)
  3 guardian serpents
  3 moths of wrath
  35 rust devils
  6 merfolk sirens
  5 apocalypse crabs
  7 dire elephant zombies
  4 iron dragon skeletons
  5 stone giant skeletons
  6 titan simulacra
  6 fire giant skeletons
  3 shock serpent zombies
  A naga mage (Abyss:3)
  Joseph (D:7)
  A guardian serpent (shapeshifter) (Vaults:1)
  8 vault sentinels
  2 eyes of devastation
  7 frost giant skeletons
  3 ice statues (Hell)
  11 molten gargoyles
  2 shock serpent skeletons
  5 water nymphs
  9 spiny frogs
  3 gargoyles
  A water nymph (shapeshifter) (Depths:4)
  21 orange demons
  7 dire elephant skeletons
  58 smoke demons
  3 rime drakes
  A sea snake zombie (Crypt:1)
  3 spiny frogs (shapeshifter)
  45 hellions
  7 centaur skeletons
  A torpor snail (Lair:5)
  Maggie (D:9)
  15 efreet
  2 rime drakes (shapeshifter)
  2 kobold demonologists
  2 minotaur zombies
  48 tormentors
  31 yaktaurs
  A redback zombie (D:15)
  2 emperor scorpion zombies
  29 demonic crawlers
  4 catoblepas zombies
  32 red devils
  48 freezing wraiths
  A ghost moth simulacrum (Coc:6)
  3 anaconda simulacra
  A guardian mummy (Crypt:3)
  13 hellwings
  36 ancient zymes
  46 ice devils
  4 komodo dragons
  A green draconian skeleton (Coc:7)
  A jumping spider (shapeshifter) (Depths:4)
  2 tengu conjurers
  4 trolls
  23 hydra zombies
  10 catoblepas skeletons
  A harpy zombie (Dis:6)
  A queen bee (Abyss:3)
  A pale draconian skeleton (Crypt:2)
  28 merfolk
  5 meliai (Abyss:3)
  10 polar bears
  4 silent spectres
  An iron troll skeleton (Crypt:1)
  A troll (shapeshifter) (Depths:2)
  39 jumping spiders
  A tyrant leech (Abyss:1)
  7 hydra skeletons
  12 hornets
  86 raiju
  4 wind drakes
  9 ice dragon zombies
  A meliai zombie (D:15)
  14 blink frogs
  A tyrant leech (shapeshifter) (Abyss:3)
  6 harpy skeletons
  12 snapping turtles
  4 bog bodies
  4 spriggan zombies
  2 wolf spider simulacra
  9 alligator zombies
  7 fire dragon zombies
  11 dream sheep
  11 hippogriffs
  A fire giant simulacrum (Abyss:2)
  102 flying skulls
  A frost giant simulacrum (Coc:2)
  19 ettin zombies
  An iron dragon simulacrum (Coc:1)
  9 ettin skeletons
  44 redbacks
  15 yaks
  6 fire dragon skeletons
  25 tarantellas
  2 black mamba zombies
  31 shadows
  46 wraiths
  61 ynoxinuls
  A spriggan (shapeshifter) (Elf:2)
  7 air elementals
  A human (D:7)
  5 alligator skeletons
  2 ushabtiu (Crypt:3)
  30 water elementals
  26 fire elementals
  4 vampires
  5 ice dragon skeletons
  4 basilisks
  A golden eye (shapeshifter) (Abyss:2)
  7 hogs
  A human (shapeshifter) (Abyss:2)
  3 wyverns
  27 neqoxecs
  22 golden eyes
  24 chaos spawn
  6 fire bats
  2 steam dragons
  9 hungry ghosts
  Menkaure (D:7)
  19 insubstantial wisps
  2 nagas (Abyss:1)
  17 soldier ants
  39 spatial vortices
  2 merfolk zombies
  7 wargs
  A monstrous demonspawn zombie (Geh:5)
  A soldier ant (shapeshifter) (Abyss:3)
  10 spiny frog zombies
  4 acid dragons
  21 water moccasins
  98 hell hounds
  5 hydra simulacra
  A water moccasin (shapeshifter) (Vaults:4)
  2 floating eyes (Depths:2)
  7 porcupines
  139 large abominations
  52 orc warriors
  5 spiny frog skeletons
  A black bear (shapeshifter) (Depths:4)
  A floating eye (shapeshifter) (Depths:2)
  6 sky beasts
  12 black bears
  A lindwurm zombie (Crypt:2)
  A manticore zombie (Crypt:3)
  A sky beast (shapeshifter) (Abyss:2)
  An ogre (shapeshifter) (Vaults:1)
  A swamp dragon zombie (Coc:2)
  An eye of draining (shapeshifter) (Depths:1)
  7 snapping turtle zombies
  A spriggan simulacrum (Depths:2)
  17 ice beasts
  30 ogres
  7 phantoms
  A boggart (shapeshifter) (Elf:2)
  35 necrophages
  21 wolves
  25 centaurs
  5 snapping turtle skeletons
  A black mamba simulacrum (Tar:6)
  13 boggarts
  A centaur (shapeshifter) (Vaults:3)
  A dream sheep skeleton (Crypt:1)
  6 eyes of draining
  2 swamp dragon skeletons
  12 crocodiles
  4 manticore skeletons
  2 elf simulacra
  A draconian zombie (Crypt:1)
  19 bullfrogs
  4 big kobolds
  A rime drake skeleton (Crypt:1)
  3 yaktaur zombies (Hell)
  9 earth elementals
  An elf zombie (Coc:7)
  A spiny frog simulacrum (Coc:2)
  A water moccasin zombie (D:6)
  A salamander skeleton (Crypt:1)
  An elf skeleton (Abyss:2)
  6 scorpions
  2 scorpions (shapeshifter) (Abyss:2)
  6 wyvern skeletons (Crypt:3)
  32 killer bees
  A human simulacrum (Vaults:2)
  A troll zombie (Dis:7)
  A snapping turtle simulacrum (Coc:2)
  A killer bee (shapeshifter) (Abyss:2)
  70 wights
  A howler monkey (shapeshifter) (Abyss:2)
  2 electric eels
  6 howler monkeys
  204 starcursed masses
  A wolf skeleton (Crypt:2)
  A bullfrog zombie (D:5)
  29 crimson imps
  14 quasits
  A hound (shapeshifter) (Abyss:2)
  9 jellies
  9 centaur zombies
  8 hounds
  2 human zombies
  32 orc priests
  36 iron imps
  A bullfrog skeleton (D:13)
  2 human skeletons
  An iguana (shapeshifter) (Abyss:2)
  6 iguanas
  32 orc wizards
  8 hell rats
  34 worker ants
  2 big kobold zombies (Ossuary)
  2 naga zombies
  4 ogre zombies
  A naga skeleton (Dis:7)
  An acid dragon skeleton (Crypt:2)
  2 ogre skeletons
  2 hound skeletons
  13 mummies
  2 howler monkey zombies
  15 adders
  2 gnolls (shapeshifter) (Abyss:2)
  3 gnolls (D:4)
  8 river rats (Lair:3)
  2 adders (shapeshifter) (Abyss:2)
  A howler monkey skeleton (Crypt:1)
  A river rat (shapeshifter) (Abyss:2)
  19 shadow imps
  33 white imps
  15 ufetubi
  9 oozes
  An adder skeleton (D:5)
  6 worms
  A dart slug (D:2)
  2 leopard geckos (shapeshifter) (Abyss:2)
  7 leopard geckos
  90 orcs
  An orc (shapeshifter) (Abyss:2)
  11 bats
  6 giant cockroaches
  6 goblins
  A hobgoblin (shapeshifter) (Abyss:2)
  6 hobgoblins
  12 jackals
  4 quokkas
  A ball python (shapeshifter) (Abyss:2)
  A bat (shapeshifter) (Abyss:2)
  4 frilled lizards
  A frilled lizard skeleton (Crypt:2)
  4 hobgoblin zombies (Ossuary)
  A jackal skeleton (D:5)
  25 kobolds
  2 kobold zombies
  A leopard gecko zombie (D:5)
  5 rats
  4 crawling corpses (Elf:3)
  A fire vortex (Depths:1)
  2 fungi (Elf:2)
  3 lurking horrors
  19 plants
  66 starspawn tentacles
  7 tentacles
  3 withered plants (Crypt:3)
5612 creatures vanquished.

Vanquished Creatures (collateral kills)
  A shard shrike (Coc:2)
  A golden dragon (Depths:3)
  A Brimstone Fiend (Dis:7)
  A Tzitzimitl (Tar:7)
  A tentacled monstrosity (Vaults:5)
  Rupert (D:13)
  An Ice Fiend (Dis:7)
  An Executioner (Dis:7)
  2 deep elf sorcerers
  A frost giant (Depths:4)
  A warmonger (Pan)
  3 deep elf elementalists (Elf:3)
  Aizul (Spider:4)
  An ironheart preserver (Vaults:5)
  A reaper (Pan)
  2 war gargoyles (Dis:7)
  A deep elf demonologist (Elf:3)
  A deep elf annihilator (Elf:3)
  2 ettins
  A deep elf death mage (Elf:3)
  3 blizzard demons
  2 deep elf high priests
  A fire dragon (Depths:1)
  An ogre mage (D:13)
  9 vault guards (Vaults:5)
  3 two-headed ogres
  A monstrous demonspawn (Pan)
  A merfolk avatar (Shoals:4)
  A thrashing horror (Abyss:3)
  An orc high priest (D:13)
  A deep elf knight (Elf:2)
  2 spriggan berserkers
  A sun demon (Geh:7)
  A skeletal warrior (Crypt:3)
  A storm dragon skeleton (Geh:5)
  A fire crab (Shoals:4)
  A flayed ghost (Geh:6)
  A wizard (D:15)
  2 orc knights (Vaults:4)
  A deep troll (Depths:3)
  A wolf spider zombie (D:13)
  A deep elf archer (Elf:3)
  8 orb spiders
  3 deep elf magi
  A manticore (Shoals:4)
  An orc sorcerer (D:15)
  A wolf spider (Spider:4)
  A moth of wrath (Spider:4)
  2 rust devils (Dis:7)
  Maurice (D:13)
  A dire elephant zombie (Dis:7)
  A naga mage (D:15)
  2 hellions
  A smoke demon (Pan)
  2 demonic crawlers (Spider:4)
  A tormentor (Dis:7)
  2 red devils
  A hydra zombie (Coc:5)
  4 jumping spiders
  A polar bear (shapeshifter) (Vaults:5)
  3 merfolk (Shoals:4)
  A fire dragon zombie (Dis:7)
  An ice dragon zombie (Coc:2)
  A hippogriff (Shoals:4)
  6 redbacks
  2 tarantellas (Spider:1)
  A fire bat (Shoals:4)
  A wraith (Dis:7)
  A fire dragon skeleton (Abyss:3)
  A fire elemental (Geh:5)
  A yak (D:13)
  2 soldier ants (Spider:3)
  2 acid dragons
  A hell hound (Dis:7)
  4 orc warriors
  2 boggarts (Vaults:2)
  2 killer bees (D:13)
  2 electric eels (D:12)
  5 starcursed masses (Abyss:3)
  3 orc priests
  2 worker ants (Spider:3)
  3 orcs
  A crawling corpse (Elf:3)
144 creatures vanquished.

Vanquished Creatures (others)
  Nikola (Elf:2)
  2 blizzard demons (Coc:7)
  A kraken zombie (Coc:7)
  A jiangshi (Crypt:1)
  A spriggan berserker (Depths:5)
  5 hell hogs
  A soul eater (Pan)
  An unseen horror (Vaults:1)
  2 large abominations
  A deep elf archer (Elf:2)
  A deep elf mage (Elf:1)
  A smoke demon (Pan)
  A rust devil (Abyss:3)
  A freezing wraith (Coc:7)
  A yaktaur (Vaults:1)
  A wraith (Geh:5)
  A human (Spider:4)
  3 small abominations
  A neqoxec (Abyss:2)
  A hell hound (Geh:1)
  An orc warrior (D:15)
  A phantom (Geh:5)
  A boggart (Depths:1)
  2 crimson imps
  An iron imp (Hell)
  2 orc wizards
  2 shadow imps (Abyss:2)
  2 ufetubi
  3 orcs (Vaults:3)
  A briar patch (Abyss:1)
  9 bushes (Abyss:2)
  A crawling corpse (Elf:3)
  12 demonic plants (Abyss:2)
  8 fungi
  5 lurking horrors
  35 plants
  86 starspawn tentacles
  17 tentacles
  23 withered plants (Crypt:3)
240 creatures vanquished.

Grand Total: 5996 creatures vanquished

Notes
Turn   | Place    | Note
-------+----------+-------------------------------------------
     0 | D:1      | Erymatos the Minotaur Berserker began the quest for the
                  | Orb.
     0 | D:1      | Reached XP level 1. HP: 19/19 MP: 0/0
   268 | D:1      | Reached XP level 2. HP: 27/27 MP: 1/1
   541 | D:1      | Reached XP level 3. HP: 30/33 MP: 2/2
   604 | D:1      | Reached ** piety under Trog
  1422 | D:2      | Reached XP level 4. HP: 37/41 MP: 3/3
  1767 | D:2      | Reached skill level 1 in Stealth
  2403 | D:3      | Reached XP level 5. HP: 43/47 MP: 4/4
  2458 | D:3      | Reached skill level 5 in Axes
  2589 | D:3      | Found an opulent altar of Gozag.
  2650 | D:3      | Reached *** piety under Trog
  2894 | D:3      | Reached skill level 5 in Fighting
  3485 | D:4      | Reached XP level 6. HP: 40/56 MP: 5/5
  4119 | D:4      | Found a hazy altar of Hepliaklqana.
  4548 | D:5      | Entered Level 5 of the Dungeon
  4625 | D:5      | Found a staircase to the Ecumenical Temple.
  5078 | D:5      | Reached XP level 7. HP: 61/61 MP: 6/6
  5440 | D:5      | Reached **** piety under Trog
  5829 | D:6      | Reached skill level 5 in Dodging
  5925 | D:6      | Reached XP level 8. HP: 47/70 MP: 7/7
  6526 | D:6      | Found Menixua's Jewellery Shop.
  6835 | D:7      | Found a burning altar of Makhleb.
  6835 | D:7      | Found a snail-covered altar of Cheibriados.
  6880 | D:7      | Reached skill level 5 in Armour
  7102 | D:7      | Found a sacrificial altar of Ru.
  7132 | D:7      | Noticed Menkaure
  7140 | D:7      | Killed Menkaure
  7140 | D:7      | Reached skill level 1 in Shields
  7795 | D:7      | Noticed Joseph
  7813 | D:7      | Killed Joseph
  7813 | D:7      | Reached skill level 10 in Axes
  7813 | D:7      | Reached XP level 9. HP: 68/79 MP: 8/8
  8319 | D:8      | Found a white marble altar of Elyvilon.
  8381 | D:8      | Found a sand-covered staircase.
  8392 | Ossuary  | Entered an ossuary
  8399 | Ossuary  | Reached ***** piety under Trog
  9048 | D:8      | Reached XP level 10. HP: 90/90 MP: 9/9
  9187 | D:8      | Found a basalt altar of Yredelemnul.
  9292 | D:9      | Received a gift from Trog
  9294 | D:9      | Reached skill level 5 in Shields
  9470 | D:9      | Found a staircase to the Lair.
  9664 | D:9      | Noticed Maggie
  9685 | D:9      | Killed Maggie
  9805 | D:9      | Found a runed translucent gate.
  9805 | D:9      | Found a runed translucent gate.
  9806 | D:9      | Found a runed translucent gate.
  9808 | D:9      | Noticed Cazemata's ghost (novice MiBe)
  9823 | D:9      | Killed Cazemata's ghost
 10354 | D:10     | Entered Level 10 of the Dungeon
 10420 | D:10     | Reached XP level 11. HP: 84/97 MP: 10/10
 10420 | D:10     | Received a gift from Trog
 10967 | D:11     | Found a burning altar of Makhleb.
 11271 | D:11     | Found Onalaep's Jewellery Boutique.
 11294 | D:11     | Noticed a green ugly thing
 11306 | D:11     | Killed a green ugly thing
 11498 | D:11     | Reached skill level 10 in Fighting
 11987 | D:11     | Killed an unseen horror
 12764 | D:12     | Found Jejul's Assorted Antiques.
 12767 | D:12     | Bought a scroll labeled OSAROMOLIUMA for 28 gold pieces
 12767 | D:12     | Bought a puce potion for 25 gold pieces
 12794 | D:12     | Found a staircase to the Orcish Mines.
 12902 | D:12     | Killed an unseen horror
 13307 | D:12     | Reached XP level 12. HP: 67/108 MP: 11/11
 13543 | D:12     | Noticed a seven-headed hydra
 13550 | D:12     | Killed an eight-headed hydra
 13964 | D:12     | Received a gift from Trog
 14449 | D:12     | Found a shimmering altar of Xom.
 14608 | D:13     | Noticed a two-headed ogre
 14609 | D:13     | Noticed a two-headed ogre
 14614 | D:13     | Noticed an ogre mage
 14616 | D:13     | Killed a two-headed ogre
 14619 | D:13     | Killed a two-headed ogre
 14621 | D:13     | Killed an ogre mage
 14632 | D:13     | Found a gate to the Vaults.
 14635 | D:13     | Noticed Maurice
 14642 | D:13     | Killed Maurice
 14642 | D:13     | Reached skill level 10 in Shields
 14663 | D:13     | Noticed a tengu warrior
 14673 | D:13     | Killed a tengu warrior
 14867 | D:13     | Reached skill level 15 in Axes
 15115 | D:13     | Noticed an orc warlord
 15142 | D:13     | Killed an orc warlord
 15144 | D:13     | Reached skill level 10 in Armour
 15183 | D:13     | Noticed Rupert
 15206 | D:13     | HP: 4/110 [Rupert/+2 great mace of draining (3)]
 15206 | D:13     | Killed Rupert
 16164 | D:13     | Found a roughly hewn altar of Beogh.
 16167 | D:13     | Noticed an orc high priest
 16179 | D:13     | Reached XP level 13. HP: 75/117 MP: 12/12
 16210 | D:13     | HP: 1/117 [orc priest/divine providence (15)]
 16705 | Lair:1   | Entered Level 1 of the Lair of Beasts
 16919 | D:6      | Bought a +4 ring of evasion for 540 gold pieces
 17028 | D:10     | Got a glimmering broad axe {god gift}
 17029 | D:10     | Identified the +11 broad axe of Disembowelment {vorpal,
                  | Str+2} (Trog gifted it to you on level 10 of the Dungeon)
 18564 | Lair:2   | Noticed Sonja
 18571 | Lair:2   | Killed Sonja
 18992 | Lair:2   | Found a hole to the Spider Nest.
 20489 | Lair:4   | Found a staircase to the Shoals.
 21656 | Lair:5   | Found a staircase to the Slime Pits.
 22036 | Lair:5   | Noticed a dire elephant
 22047 | Lair:5   | Killed a dire elephant
 22568 | Lair:6   | Entered Level 6 of the Lair of Beasts
 22603 | Lair:6   | Reached XP level 14. HP: 127/127 MP: 13/13
 23434 | Lair:6   | Reached ****** piety under Trog
 23626 | Lair:6   | Got a jewelled broad axe
 23735 | Lair:6   | Received a gift from Trog
 24341 | Lair:6   | Identified the cursed +1 broad axe of Slimy Honour {venom,
                  | +Blink rF+ SInv Stlth+} (You found it on level 6 of the
                  | Lair of Beasts)
 24524 | Orc:1    | Entered Level 1 of the Orcish Mines
 24601 | Orc:1    | Noticed Nergalle
 24617 | Orc:1    | Killed Nergalle
 24663 | Orc:1    | Found a runed translucent door.
 24892 | Orc:1    | Found a roughly hewn altar of Beogh.
 24945 | Orc:2    | Entered Level 2 of the Orcish Mines
 24945 | Orc:2    | Found a staircase to the Elven Halls.
 25035 | Orc:2    | Found Duleeck's Jewellery Shoppe.
 25052 | Orc:2    | Found Milaet's Armour Emporium.
 25066 | Orc:2    | Bought the +0 mask of the Dragon {MR+ Slay+3 SInv} for 534
                  | gold pieces
 25066 | Orc:2    | Found the +0 mask of the Dragon {MR+ Slay+3 SInv}
 25066 | Orc:2    | Bought a +2 pair of gloves for 264 gold pieces
 25150 | Orc:2    | Found Memuigis's Distillery.
 25157 | Orc:2    | Found Imass's General Store.
 25309 | Orc:2    | Reached XP level 15. HP: 107/138 MP: 14/14
 25364 | Orc:2    | Received a gift from Trog
 25586 | Orc:2    | Found Xamukogu's Book Boutique.
 25586 | Orc:2    | Found a one-way gate leading to the halls of Pandemonium.
 25586 | Orc:2    | Found Coanen's Antique Armour Shop.
 25590 | Orc:2    | Bought a pair of runed boots for 202 gold pieces
 25667 | Orc:2    | Found Overhaxt's Gadget Shoppe.
 25708 | Orc:2    | Found Osont's Weapon Boutique.
 26297 | Orc:2    | Bought a +6 ring of dexterity for 702 gold pieces
 26471 | Spider:1 | Entered Level 1 of the Spider Nest
 27133 | Spider:1 | Noticed a ghost moth
 27140 | Spider:1 | Killed a ghost moth
 27140 | Spider:1 | Reached skill level 15 in Shields
 27270 | Spider:1 | Reached skill level 10 in Dodging
 27542 | Spider:2 | Received a gift from Trog
 27694 | Spider:2 | Reached skill level 15 in Fighting
 28808 | Spider:3 | Found a runed translucent door.
 28808 | Spider:3 | Found a shimmering altar of Xom.
 28808 | Spider:3 | Noticed DogServant's ghost (adept MfGl)
 28933 | Spider:3 | Received a gift from Trog
 28947 | Spider:3 | Reached XP level 16. HP: 149/149 MP: 15/15
 29515 | Spider:3 | Killed DogServant's ghost
 29547 | Spider:4 | Entered Level 4 of the Spider Nest
 29547 | Spider:4 | Noticed Kirke
 29554 | Spider:4 | Received a gift from Trog
 29560 | Spider:4 | Killed Kirke
 29593 | Spider:4 | Noticed Aizul
 29600 | Spider:4 | Killed Aizul
 30542 | Spider:4 | Got a gossamer rune of Zot
 30976 | Shoals:1 | Entered Level 1 of the Shoals
 31423 | Shoals:1 | Reached XP level 17. HP: 159/159 MP: 16/16
 31710 | Shoals:1 | Received a gift from Trog
 31786 | Shoals:1 | Noticed Frances
 31795 | Shoals:1 | Killed Frances
 31866 | Shoals:1 | Found Verohodi's General Store.
 32388 | Shoals:2 | Found Zaijunn's Gadget Shop.
 34001 | Shoals:3 | Received a gift from Trog
 34444 | Shoals:4 | Entered Level 4 of the Shoals
 35675 | Shoals:4 | Got a barnacled rune of Zot
 35905 | Shoals:4 | Reached XP level 18. HP: 170/170 MP: 17/17
 36660 | Shoals:4 | Got a crystal broad axe
 36661 | Shoals:4 | Identified the +8 broad axe "Ypypsauj" {freeze, rN+ MR-
                  | Int+3 SInv} (You found it on level 4 of the Shoals)
 36914 | D:14     | Received a gift from Trog
 36943 | D:14     | Noticed Agnes
 36949 | D:14     | Killed Agnes
 36988 | D:14     | Found a gate leading to a gauntlet.
 37568 | D:15     | Entered Level 15 of the Dungeon
 37820 | D:15     | Noticed Roxanne
 37833 | D:15     | Killed Roxanne
 37960 | D:15     | Found a white marble altar of Elyvilon.
 38240 | D:15     | Cast into level 3 of the Abyss (a wizard)
 38433 | Abyss:3  | Received a gift from Trog
 38554 | Abyss:3  | Noticed a bone dragon
 38567 | Abyss:3  | Killed a bone dragon
 38931 | D:15     | Escaped the Abyss
 38933 | D:15     | Paralysed by an orc sorcerer for 7 turns
 39215 | D:15     | Found a staircase to the Depths.
 39728 | D:15     | Got an ichor-stained scale mail
 39739 | D:15     | Identified the cursed +1 scale mail of Kecvacli {Dex+3
                  | Stlth+} (You found it on level 15 of the Dungeon)
 39834 | Vaults:1 | Entered Level 1 of the Vaults
 40517 | Vaults:1 | Reached XP level 19. HP: 180/180 MP: 18/18
 40689 | Vaults:1 | Received a gift from Trog
 41913 | Vaults:2 | Found Boicicyb's Food Boutique.
 42176 | Vaults:2 | Found a staircase to the Crypt.
 42176 | Vaults:2 | Found an ancient bone altar of Kikubaaqudgha.
 42177 | Vaults:2 | Found a basalt altar of Yredelemnul.
 42258 | Vaults:2 | Received a gift from Trog
 42688 | Vaults:2 | Noticed Jory
 42707 | Vaults:2 | Killed Jory
 43541 | Vaults:3 | Found a flickering gateway to a bazaar.
 43692 | Vaults:3 | Received a gift from Trog
 44509 | Vaults:3 | Identified a scroll of acquirement
 44510 | Vaults:3 | Acquired 1910 gold pieces
 44742 | Vaults:3 | Noticed Frederick
 44749 | Vaults:3 | Killed Frederick
 44749 | Vaults:3 | Reached XP level 20. HP: 137/193 MP: 19/19
 45145 | Vaults:4 | Received a gift from Trog
 45853 | Vaults:4 | Found Ugigh's Antique Armour Shoppe.
 45861 | Vaults:4 | Bought a shiny plate armour for 598 gold pieces
 46076 | Vaults:4 | Received a gift from Trog
 46816 | Vaults:5 | Entered Level 5 of the Vaults
 46850 | Vaults:5 | Received a gift from Trog
 47374 | Vaults:5 | Identified the amulet of the Amoeba {RegenMP rPois MR+ MP-9
                  | Dex+4}
 47500 | Vaults:5 | Reached XP level 21. HP: 203/203 MP: 20/20
 48713 | Vaults:5 | Noticed an ancient lich
 48727 | Vaults:5 | Killed an ancient lich
 49190 | Vaults:5 | Got a silver rune of Zot
 49212 | Vaults:5 | Reached skill level 15 in Armour
 49819 | Vaults:5 | Found Geguj's Magic Scroll Boutique.
 49823 | Vaults:5 | Bought a scroll of teleportation for 36 gold pieces
 49823 | Vaults:5 | Bought a scroll of identify for 24 gold pieces
 49823 | Vaults:5 | Bought a scroll of identify for 24 gold pieces
 49823 | Vaults:5 | Bought a scroll of acquirement for 624 gold pieces
 49823 | Vaults:5 | Acquired the amulet of Vaken {Spirit rN+++ MR- Int+5}
 49855 | Vaults:5 | Bought a scroll of remove curse for 36 gold pieces
 49855 | Vaults:5 | Bought a scroll of remove curse for 36 gold pieces
 49855 | Vaults:5 | Bought a scroll of magic mapping for 42 gold pieces
 49989 | Crypt:1  | Entered Level 1 of the Crypt
 51032 | Crypt:2  | Received a gift from Trog
 51059 | Crypt:2  | Reached XP level 22. HP: 202/215 MP: 19/21
 51067 | Crypt:2  | Paralysed by an orc sorcerer for 7 turns
 51069 | Crypt:2  | Noticed Saint Roka
 51464 | Crypt:2  | Killed Saint Roka
 51481 | Crypt:2  | Got an ichor-stained executioner's axe {god gift}
 52399 | Crypt:2  | Identified the +2 executioner's axe of Starshine
                  | {antimagic, +Blink MR+ Dex-3} (Trog gifted it to you on
                  | level 2 of the Crypt)
 52893 | Crypt:3  | Entered Level 3 of the Crypt
 52958 | Crypt:3  | Got a warped jade amulet
 53242 | Crypt:3  | Found a staircase to the Tomb.
 53803 | Crypt:3  | Found a basalt altar of Yredelemnul.
 54026 | Crypt:3  | Received a gift from Trog
 55476 | Crypt:3  | Identified the amulet "Rorhiuni" {Reflect *Corrode Int+10
                  | Dex+3 SH+5} (You found it on level 3 of the Crypt)
 56287 | Depths:1 | Entered Level 1 of the Depths
 56512 | Depths:1 | You fall into a shaft and drop 1 floor!
 56569 | Depths:2 | Found a one-way gate to the infinite horrors of the Abyss.
 56573 | Depths:2 | Found a gateway to Hell.
 56591 | Depths:2 | Found a gateway to a ziggurat.
 56616 | Depths:2 | Found a stormy altar of Qazlal.
 56616 | Depths:2 | Found a snail-covered altar of Cheibriados.
 56617 | Depths:2 | Found a snail-covered altar of Cheibriados.
 56661 | Depths:2 | Reached XP level 23. HP: 222/222 MP: 22/22
 56695 | Depths:2 | Paralysed by a lich for 7 turns
 57244 | Depths:2 | Noticed a caustic shrike
 57249 | Depths:2 | Killed a caustic shrike
 57260 | Depths:2 | Received a gift from Trog
 57463 | Depths:2 | Got a shimmering hand axe
 57465 | Depths:2 | Identified the +6 hand axe "Cenuddun" {holy, rElec Dex+4}
                  | (You found it on level 2 of the Depths)
 57469 | Depths:2 | Got a scorched war axe {god gift}
 57470 | Depths:2 | Identified the +8 war axe of Bilom {vorpal, Str+3} (Trog
                  | gifted it to you on level 2 of the Depths)
 57543 | Depths:2 | Identified the Almanac of Dusty Intoxication
 57839 | Depths:2 | Noticed a juggernaut
 57850 | Depths:2 | Killed a juggernaut
 58329 | Depths:2 | Paralysed by a floating eye for 3 turns
 58914 | Depths:2 | Received a gift from Trog
 59480 | Depths:3 | Found a shattered altar of Ashenzari.
 60048 | Depths:3 | Reached XP level 24. HP: 211/234 MP: 19/22
 60231 | Depths:3 | Noticed Mara
 60248 | Depths:3 | Noticed Erymatos's illusion
 60248 | Depths:3 | Killed Mara
 60477 | Depths:3 | Received a gift from Trog
 60820 | Depths:3 | Reached XP level 25. HP: 242/242 MP: 22/22
 61756 | Vaults:2 | Got a pair of heavily runed boots
 61767 | Vaults:2 | Identified the +0 pair of boots "Ozoann" {*Slow rC+++
                  | Dex+6} (You found it on level 2 of the Vaults)
 61927 | Elf:1    | Entered Level 1 of the Elven Halls
 62855 | Elf:2    | Received a gift from Trog
 63437 | Elf:2    | Noticed Nikola
 63454 | Elf:2    | Received a gift from Trog
 63455 | Elf:2    | Killed Nikola
 63722 | Elf:2    | Found Coitu's Magic Scroll Shop.
 63730 | Elf:2    | Bought a scroll of identify for 22 gold pieces
 63730 | Elf:2    | Bought a scroll of remove curse for 33 gold pieces
 63730 | Elf:2    | Bought a scroll of magic mapping for 38 gold pieces
 63730 | Elf:2    | Bought a scroll of enchant armour for 82 gold pieces
 63730 | Elf:2    | Bought a scroll of fog for 22 gold pieces
 63730 | Elf:2    | Bought a scroll of identify for 22 gold pieces
 63730 | Elf:2    | Bought a scroll of teleportation for 33 gold pieces
 63730 | Elf:2    | Bought a scroll of enchant armour for 82 gold pieces
 63730 | Elf:2    | Bought a scroll of torment for 82 gold pieces
 63811 | Elf:2    | Found a runed translucent gate.
 63811 | Elf:2    | Found a runed translucent gate.
 63812 | Elf:2    | Found a runed translucent gate.
 64353 | Elf:3    | Entered Level 3 of the Elven Halls
 64560 | Elf:3    | Found Qarghu's Antique Weapon Shop.
 65164 | Elf:3    | Received a gift from Trog
 65223 | Elf:3    | Reached XP level 26. HP: 254/254 MP: 22/22
 65311 | Elf:3    | Reached skill level 15 in Dodging
 65488 | Elf:3    | Got a smoking lapis lazuli ring
 65523 | Elf:3    | Got a brightly glowing bronze ring
 65545 | Elf:3    | Identified the ring of Rostyst {rPois Str+6} (You found it
                  | on level 3 of the Elven Halls)
 65547 | Elf:3    | Identified the ring "Faoblug" {*Tele rF+ Int+3} (You found
                  | it on level 3 of the Elven Halls)
 65555 | Elf:3    | Got a shimmering hand axe
 65556 | Elf:3    | Identified the cursed +1 hand axe "Kaytroj" {chaos, rC+
                  | Str+6 Int-3} (You found it on level 3 of the Elven Halls)
 65830 | Elf:3    | Got a bloodstained plate armour
 65841 | Elf:3    | Identified the +6 plate armour of Polish {Dex+4} (You found
                  | it on level 3 of the Elven Halls)
 65882 | Elf:3    | Identified Ogaimmosm's Grimoire of Flying Enhancements
 65894 | Elf:3    | Acquired the +10 tower shield of Fortitude {rCorr Stlth+}
 66051 | Elf:3    | Got shimmering fire dragon scales
 66062 | Elf:3    | Identified the +7 fire dragon scales "Naedinen" {rElec rF++
                  | rC- rN+ MR- Str+5} (You found it on level 3 of the Elven
                  | Halls)
 66505 | Depths:4 | Cast into level 4 of the Abyss (a lich)
 66562 | Abyss:4  | Received a gift from Trog
 66638 | Abyss:4  | Found a bloodstained altar of Trog.
 66654 | Abyss:4  | Paralysed by accursed screaming for 1 turns
 66658 | Abyss:4  | Paralysed by accursed screaming for 2 turns
 66666 | Abyss:4  | Paralysed by accursed screaming for 2 turns
 66673 | Abyss:4  | Reached skill level 27 in Axes
 66675 | Abyss:4  | Paralysed by accursed screaming for 1 turns
 66697 | Depths:4 | Escaped the Abyss
 66710 | Depths:4 | Paralysed by a vampire knight for 6 turns
 66839 | Depths:4 | Received a gift from Trog
 66885 | Depths:4 | Noticed a juggernaut
 66899 | Depths:4 | Killed a juggernaut
 66899 | Depths:4 | Reached skill level 27 in Shields
 67004 | Depths:4 | Identified the +7 long sword of Wevaufat {vamp, Dex+3}
 67047 | Depths:4 | Got an ichor-stained kite shield
 68145 | Depths:4 | Identified the +0 kite shield "Fidosak" {*Drain MR++ Int+3
                  | Dex+2} (You found it on level 4 of the Depths)
 68235 | Depths:5 | Entered Level 5 of the Depths
 68607 | Depths:5 | Received a gift from Trog
 68834 | Depths:5 | Noticed a juggernaut
 68845 | Depths:5 | Killed a juggernaut
 69378 | Depths:5 | Reached XP level 27. HP: 227/267 MP: 20/22
 69408 | Depths:5 | Found a runed translucent door.
 69413 | Depths:5 | Found a runed translucent door.
 69523 | Depths:5 | Found a gate to the Realm of Zot.
 69610 | Depths:5 | Found a runed translucent door.
 69656 | Depths:5 | Found a runed translucent door.
 69776 | Depths:5 | Found a runed translucent door.
 69802 | Depths:5 | Found a runed translucent door.
 69897 | Hell     | Entered the Vestibule of Hell
 69897 | Hell     | Noticed Geryon
 69902 | Hell     | Noticed Murray
 69933 | Hell     | Killed Murray
 69952 | Hell     | Killed Geryon
 69976 | Hell     | Received a gift from Trog
 70081 | Hell     | Reached skill level 27 in Fighting
 70189 | Hell     | Found a gateway to the freezing wastes of Cocytus.
 70210 | Hell     | Gained mutation: You are partially covered in molten
                  | scales. (AC +2) [a cacodemon]
 70470 | Hell     | Found a gateway to the decaying netherworld of Tartarus.
 70553 | Hell     | Found a gateway to the ashen valley of Gehenna.
 70569 | Hell     | Received a gift from Trog
 70834 | Hell     | Found a gateway to the Iron City of Dis.
 70911 | Hell     | Got a smoking war axe {god gift}
 70922 | Hell     | Identified the +8 war axe "Tocsaoh" {vorpal, *Drain Int+4}
                  | (Trog gifted it to you in the Vestibule of Hell)
 70994 | Coc:1    | Entered Level 1 of Cocytus
 72576 | Coc:2    | Received a gift from Trog
 73300 | Coc:6    | Received a gift from Trog
 73444 | Coc:7    | Entered Level 7 of Cocytus
 74110 | Coc:7    | Received a gift from Trog
 74612 | Coc:7    | Received a gift from Trog
 75290 | Coc:7    | Identified the +11 lajatang of Summer {vorpal, rC+ MR+
                  | Str+3}
 75290 | Coc:7    | Noticed Antaeus
 75318 | Coc:7    | Killed Antaeus
 75859 | Coc:7    | Got an icy rune of Zot
 76244 | Tar:1    | Entered Level 1 of Tartarus
 76408 | Tar:2    | Received a gift from Trog
 77039 | Tar:5    | Received a gift from Trog
 77315 | Tar:7    | Entered Level 7 of Tartarus
 77415 | Tar:7    | Reached skill level 27 in Armour
 77815 | Tar:7    | Received a gift from Trog
 77841 | Tar:7    | Gained mutation: Your spells are a little easier to cast,
                  | but a little less powerful. [a neqoxec]
 77905 | Tar:7    | Reached skill level 1 in Staves
 78806 | Tar:7    | Got an opal-encrusted scale mail
 78817 | Tar:7    | Identified the +7 scale mail of Arimukh {+Fly MP-9 Str-2
                  | Int+8} (You found it on level 7 of Tartarus)
 79056 | Tar:7    | Received a gift from Trog
 79429 | Tar:7    | Noticed Ereshkigal
 79469 | Tar:7    | Killed Ereshkigal
 79478 | Tar:7    | Got a bone rune of Zot
 80843 | Dis:1    | Entered Level 1 of the Iron City of Dis
 80872 | Dis:1    | Received a gift from Trog
 81954 | Dis:3    | Received a gift from Trog
 81972 | Dis:3    | Reached skill level 27 in Dodging
 82011 | Dis:3    | Reached skill level 1 in Evocations
 82495 | Dis:7    | Entered Level 7 of the Iron City of Dis
 82620 | Dis:7    | Received a gift from Trog
 82646 | Dis:7    | Reached skill level 5 in Stealth
 82650 | Dis:7    | Reached skill level 5 in Evocations
 82796 | Dis:7    | Noticed the Serpent of Hell
 82823 | Dis:7    | Killed the Serpent of Hell
 83247 | Dis:7    | Received a gift from Trog
 84246 | Dis:7    | Identified Ycihul's Guide on the Arsonist and the Mountains
 84331 | Dis:7    | Received a gift from Trog
 84331 | Dis:7    | Reached skill level 10 in Stealth
 84335 | Dis:7    | Reached skill level 10 in Evocations
 85104 | Dis:7    | Identified the +4 staff of Dispater
 85104 | Dis:7    | Noticed Dispater
 85125 | Dis:7    | Killed Dispater
 85143 | Dis:7    | Got a fine scale mail
 85312 | Dis:7    | Got an iron rune of Zot
 85429 | Dis:7    | Identified the +1 scale mail "Ofepi" {rElec Regen+} (You
                  | found it on level 7 of the Iron City of Dis)
 86228 | Vaults:5 | Got an ivory war axe
 86229 | Vaults:5 | Identified the +8 war axe of Pandemonium {distort, Str+4}
                  | (You found it on level 5 of the Vaults)
 87251 | Geh:1    | Entered Level 1 of Gehenna
 87270 | Geh:1    | Received a gift from Trog
 87293 | Geh:1    | Found a huge runed gate.
 87293 | Geh:1    | Found a huge runed gate.
 87294 | Geh:1    | Found a huge runed gate.
 87294 | Geh:1    | Found a huge runed gate.
 87295 | Geh:1    | Found a huge runed gate.
 87296 | Geh:1    | Found a huge runed gate.
 87491 | Geh:1    | Found a huge runed gate.
 87827 | Geh:2    | Received a gift from Trog
 88525 | Geh:4    | Reached skill level 15 in Stealth
 88564 | Geh:4    | Received a gift from Trog
 89669 | Geh:7    | Entered Level 7 of Gehenna
 89837 | Geh:7    | Received a gift from Trog
 90444 | Geh:7    | Identified the +9 great sword "Zutuphull" {vorpal, rC+
                  | Stlth+}
 90498 | Geh:7    | Received a gift from Trog
 91045 | Geh:7    | Identified the +7 sceptre of Asmodeus
 91045 | Geh:7    | Noticed Asmodeus
 91074 | Geh:7    | Killed Asmodeus
 91290 | Geh:7    | Got an obsidian rune of Zot
 91292 | Geh:7    | Got a shimmering whip
 91296 | Geh:7    | Got a masterwork chain mail
 91308 | Geh:7    | Identified the +6 chain mail of Remuipam {-Cast -Tele MR+
                  | Dex+8} (You found it on level 7 of Gehenna)
 91318 | Geh:7    | Identified the cursed +3 whip of Midwinter {vorpal, MR+}
                  | (You found it on level 7 of Gehenna)
 91709 | Geh:7    | Reached skill level 1 in Maces & Flails
 92583 | Slime:1  | Entered Level 1 of the Pits of Slime
 93109 | Slime:2  | Gained mutation: You are frail. (-10% HP) [a shining eye]
 93111 | Slime:2  | Gained mutation: You are weak. (Str -2) [a shining eye]
 93112 | Slime:2  | Gained mutation: You are very weak. (Str -4) [a shining
                  | eye]
 93499 | Slime:3  | Gained mutation: You tend to lose your temper in combat. [a
                  | shining eye]
 93503 | Slime:3  | Gained mutation: Your body sometimes deteriorates upon
                  | taking damage. [a shining eye]
 93943 | Slime:4  | Noticed Dissolution
 93959 | Slime:4  | Killed Dissolution
 93975 | Slime:4  | Gained mutation: You do not regenerate when monsters are
                  | visible. [a shining eye]
 93978 | Slime:4  | Gained mutation: Scrolls take you a little longer to read.
                  | [a shining eye]
 94603 | Slime:5  | Entered Level 5 of the Pits of Slime
 95061 | Slime:5  | Gained mutation: Potions are less effective at restoring
                  | your health. [a shining eye]
 95066 | Slime:5  | Gained mutation: You are clumsy. (Dex -2) [a shining eye]
 95066 | Slime:5  | Gained mutation: Your magical capacity is low. (-10% MP) [a
                  | shining eye]
 95069 | Slime:5  | Gained mutation: You are very frail. (-20% HP) [a shining
                  | eye]
 95070 | Slime:5  | Gained mutation: Your magical capacity is very low. (-20%
                  | MP) [a shining eye]
 95073 | Slime:5  | Gained mutation: You are extremely frail. (-30% HP) [a
                  | shining eye]
 95073 | Slime:5  | Gained mutation: You often lose your temper in combat. [a
                  | shining eye]
 95074 | Slime:5  | Gained mutation: You occasionally shout uncontrollably at
                  | your foes. [a shining eye]
 95076 | Slime:5  | Lost mutation: You are partially covered in molten scales.
                  | (AC +2) [a shining eye]
 95077 | Slime:5  | Gained mutation: You are occasionally teleported next to
                  | monsters. [a shining eye]
 95206 | Slime:5  | Found a viscous altar of Jiyva.
 95207 | Slime:5  | Noticed the Royal Jelly
 95212 | Slime:5  | Killed the Royal Jelly
 95484 | Slime:5  | Got a steaming jade ring
 95486 | Slime:5  | Identified the ring "Anoal" {*Contam rPois rF+ MR+++ Str-3
                  | Dex+6} (You found it on level 5 of the Pits of Slime)
 95493 | Slime:5  | Got a slimy rune of Zot
 95528 | Slime:5  | Got a transparent whip
 95957 | Elf:3    | Lost mutation: You are very weak. (Str -4) [potion of
                  | mutation]
 95957 | Elf:3    | Lost mutation: You often lose your temper in combat.
                  | [potion of mutation]
 95957 | Elf:3    | Lost mutation: You are occasionally teleported next to
                  | monsters. [potion of mutation]
 95957 | Elf:3    | Gained mutation: You are resistant to electric shocks.
                  | (rElec) [potion of mutation]
 95958 | Elf:3    | Identified the +5 whip of Invincibility {elec, rPois} (You
                  | found it on level 5 of the Pits of Slime)
 96282 | Depths:2 | Voluntarily entered the Abyss.
 96602 | Abyss:1  | Found a blossoming altar of Fedhas.
 97031 | Abyss:1  | Noticed an ancient lich
 97038 | Abyss:1  | Killed an ancient lich
 97089 | Abyss:1  | Gained mutation: Your magical capacity is extremely low.
                  | (-30% MP) [a neqoxec]
 97309 | Abyss:1  | Received a gift from Trog
 98610 | Abyss:2  | Received a gift from Trog
 98660 | Abyss:2  | Reached skill level 5 in Maces & Flails
 98956 | Abyss:4  | Gained mutation: You sometimes yell uncontrollably at your
                  | foes. [a cacodemon]
 99248 | Abyss:4  | Received a gift from Trog
 99275 | Depths:2 | Escaped the Abyss
 99544 | Depths:2 | Voluntarily entered the Abyss.
 99554 | Abyss:1  | Gained mutation: You are very clumsy. (Dex -4) [a
                  | cacodemon]
 99581 | Abyss:1  | Paralysed by accursed screaming for 1 turns
 99714 | Abyss:1  | Paralysed by accursed screaming for 1 turns
 99831 | Abyss:1  | Paralysed by accursed screaming for 1 turns
100117 | Abyss:1  | Received a gift from Trog
101010 | Abyss:2  | Received a gift from Trog
101644 | Abyss:3  | Paralysed by accursed screaming for 1 turns
101682 | Abyss:3  | Gained mutation: Armour fits poorly on your strangely
                  | shaped body. [a cacodemon]
101795 | Abyss:3  | Lost mutation: Your body sometimes deteriorates upon taking
                  | damage. [a cacodemon]
101797 | Abyss:3  | Gained mutation: Your body sometimes deteriorates upon
                  | taking damage. [a cacodemon]
101798 | Abyss:3  | Gained mutation: You frequently scream uncontrollably at
                  | your foes. [a cacodemon]
101814 | Abyss:3  | Gained mutation: You are occasionally teleported next to
                  | monsters. [a neqoxec]
102148 | Abyss:4  | Paralysed by accursed screaming for 1 turns
102161 | Abyss:4  | Received a gift from Trog
102164 | Depths:2 | Escaped the Abyss
102422 | Depths:2 | Voluntarily entered the Abyss.
102463 | Abyss:1  | Gained mutation: You are dopey. (Int -2) [a neqoxec]
102464 | Abyss:1  | Gained mutation: You are very dopey. (Int -4) [a neqoxec]
102593 | Abyss:1  | Paralysed by accursed screaming for 1 turns
103546 | Abyss:2  | Received a gift from Trog
104042 | Abyss:3  | Found a corrupted altar of Lugonu.
104220 | Abyss:3  | Reached skill level 27 in Stealth
104412 | Abyss:3  | Received a gift from Trog
104649 | Abyss:3  | Reached skill level 10 in Maces & Flails
104818 | Abyss:3  | Got an abyssal rune of Zot
105178 | Depths:2 | Escaped the Abyss
105179 | Depths:2 | Lost mutation: Your body sometimes deteriorates upon taking
                  | damage. [potion of mutation]
105179 | Depths:2 | Lost mutation: You are very dopey. (Int -4) [potion of
                  | mutation]
105179 | Depths:2 | Lost mutation: You are resistant to electric shocks.
                  | (rElec) [potion of mutation]
105179 | Depths:2 | Lost mutation: You frequently scream uncontrollably at your
                  | foes. [potion of mutation]
105179 | Depths:2 | Lost mutation: You are weak. (Str -2) [potion of mutation]
105180 | Depths:2 | Lost mutation: Scrolls take you a little longer to read.
                  | [potion of mutation]
105180 | Depths:2 | Lost mutation: Armour fits poorly on your strangely shaped
                  | body. [potion of mutation]
105180 | Depths:2 | Lost mutation: Your spells are a little easier to cast, but
                  | a little less powerful. [potion of mutation]
105180 | Depths:2 | Lost mutation: Your magical capacity is extremely low.
                  | (-30% MP) [potion of mutation]
105180 | Depths:2 | Lost mutation: You are extremely frail. (-30% HP) [potion
                  | of mutation]
105180 | Depths:2 | Gained mutation: Your system is resistant to poisons.
                  | (rPois) [potion of mutation]
105181 | Depths:2 | Lost mutation: You are dopey. (Int -2) [potion of mutation]
105181 | Depths:2 | Lost mutation: You sometimes yell uncontrollably at your
                  | foes. [potion of mutation]
105181 | Depths:2 | Gained mutation: You are partially covered in thin metallic
                  | scales. (AC +2) [potion of mutation]
105182 | Depths:2 | Lost mutation: You tend to lose your temper in combat.
                  | [potion of mutation]
105182 | Depths:2 | Lost mutation: You are very clumsy. (Dex -4) [potion of
                  | mutation]
105182 | Depths:2 | Lost mutation: You are very frail. (-20% HP) [potion of
                  | mutation]
105182 | Depths:2 | Lost mutation: Your magical capacity is very low. (-20% MP)
                  | [potion of mutation]
105182 | Depths:2 | Gained mutation: You are very clumsy. (Dex -4) [potion of
                  | mutation]
105182 | Depths:2 | Gained mutation: You possess an exceptional clarity of
                  | mind. [potion of mutation]
105184 | Depths:2 | Voluntarily entered the Abyss.
105440 | Depths:2 | Escaped the Abyss
105493 | Pan      | Entered Pandemonium
105703 | Pan      | Noticed Eniggadonu the pandemonium lord
105726 | Pan      | Killed Eniggadonu the pandemonium lord
106014 | Pan      | Reached skill level 15 in Maces & Flails
106206 | Pan      | Found an exit through the horrors of the Abyss.
106607 | Pan      | Received a gift from Trog
106719 | Pan      | Gained mutation: Your body sometimes deteriorates upon
                  | taking damage. [a cacodemon]
106877 | Pan      | Noticed Deunkul the pandemonium lord
106897 | Pan      | Killed Deunkul the pandemonium lord
108323 | Pan      | Noticed Tiang the pandemonium lord
108328 | Pan      | Received a gift from Trog
108348 | Pan      | Killed Tiang the pandemonium lord
108359 | Pan      | Got a scorched great mace {god gift}
108409 | Depths:2 | Escaped Pandemonium
108410 | Depths:2 | Identified the +8 great mace of Demonkind {vorpal, rElec
                  | Str-2 Dex+3} (Trog gifted it to you in Pandemonium)
108817 | Orc:2    | Bought a potion of ambrosia for 112 gold pieces
108817 | Orc:2    | Bought a potion of curing for 42 gold pieces
108817 | Orc:2    | Bought 2 potions of ambrosia for 224 gold pieces
108817 | Orc:2    | Bought a potion of haste for 140 gold pieces
108817 | Orc:2    | Bought a potion of mutation for 112 gold pieces
108817 | Orc:2    | Bought a potion of stabbing for 56 gold pieces
108817 | Orc:2    | Bought a potion of resistance for 140 gold pieces
108817 | Orc:2    | Bought a potion of might for 56 gold pieces
108817 | Orc:2    | Bought a potion of curing for 42 gold pieces
108817 | Orc:2    | Lost mutation: Your system is resistant to poisons. (rPois)
                  | [potion of mutation]
108817 | Orc:2    | Lost mutation: You are frail. (-10% HP) [potion of
                  | mutation]
108817 | Orc:2    | Gained mutation: You have large cloven feet. [potion of
                  | mutation]
108817 | Orc:2    | Lost mutation: Your magical capacity is low. (-10% MP)
                  | [potion of mutation]
109236 | Depths:4 | Voluntarily entered the Abyss.
109643 | Abyss:2  | Found a corrupted altar of Lugonu.
110747 | Abyss:2  | Received a gift from Trog
111162 | Abyss:2  | Found a shimmering blue altar of Sif Muna.
111522 | Abyss:2  | Received a gift from Trog
112485 | Abyss:2  | Gained mutation: You are dopey. (Int -2) [a neqoxec]
112518 | Abyss:2  | Received a gift from Trog
112524 | Abyss:2  | Got a smouldering morningstar {god gift}
112525 | Abyss:2  | Identified the +11 morningstar of Exoneration {flame, rF+}
                  | (Trog gifted it to you on level 2 of the Abyss)
113484 | Abyss:2  | Received a gift from Trog
113852 | Abyss:2  | Paralysed by accursed screaming for 1 turns
113878 | Abyss:2  | Paralysed by accursed screaming for 1 turns
113882 | Abyss:2  | Paralysed by accursed screaming for 2 turns
113887 | Abyss:2  | HP: 2/273 [starcursed mass/accursed screaming (13)]
113887 | Abyss:2  | Paralysed by accursed screaming for 2 turns
113887 | Abyss:2  | Killed from afar by a balrug

Illustrated notes

Levels and vault maps discovered:
D:1:      giann_wishing_wells, layout_loops_cross, minmay_crystal_room,
          minmay_misc_feat_pillars
D:2:      layout_rooms, minmay_misc_feat_diagonals
D:3:      layout_basic, nicolae_gozag_seed_capital, moated_statue
D:4:      layout_layer_cave, kennysheep_mini_moat
D:5:      layout_loops_cross, minmay_temple_entry_glassed_door, first_ration
D:6:      layout_rooms, serial_shops, shop, kennysheep_diamond,
          dk_noncrumbling_3
D:7:      layout_gridville, gammafunk_temple_overflow_wave, grunt_livestock,
          nicolae_ru_awakened_eye, uniq_joseph, uniq_menkaure
D:8:      layout_basic, kennysheep_ying_yang, nicolae_ossuary_entry_ruins,
          due_unseen_surprise
D:9:      layout_cave_pools, lair_entry_dummy, ebering_ghost_rock_garden,
          uniq_maggie
D:10:     layout_cave_pools
D:11:     layout_cave_pools, serial_shops, shop, basic_altar,
          portal_ice_cave_demonic_guard
D:12:     layout_roguey, orc_0_dummy, basic_altar, serial_shops, shop,
          serial_bayou_lagoon_a
D:13:     orc_temple, layout_long_grid, david_vaults_2, uniq_maurice,
          uniq_rupert
D:14:     layout_roguey, gauntlet_entry_generic, kennysheep_crisscross,
          uniq_agnes
D:15:     grunt_enter_depths_magical_seal, layout_basic, elyvilon_altar_1,
          minmay_circle_x, uniq_roxanne
Lair:1:   layout_cave_pods
Lair:2:   layout_roguey, spider_nest_entry_funnel_web, wad_woods_road_02,
          cheibrodos_lair_reptile_den, grunt_megastairs_1, uniq_sonja
Lair:3:   layout_small_grid, kennysheep_rathole, lemuel_fruit_tree
Lair:4:   layout_cave_pods, minmay_shoals_entry_centaurs,
          minmay_lair_oklob_chamber
Lair:5:   layout_loops_ring, nicolae_slime_entry_slimehenge,
          hangedman_lair_generics_rect
Lair:6:   hangedman_lair_caniforms_friends, layout_regular_city,
          hangedman_lair_in_review, lemuel_fruit_fields, serial_bayou_shore_a,
          serial_bayou_shore_b
Shoals:1: layout_shoals, serial_shops, nicolae_shop_behind_doors, uniq_frances
Shoals:2: layout_shoals, serial_shops, shop
Shoals:3: layout_shoals, nicolae_shoals_hunting_party
Shoals:4: shoals_end_grunt_garden, layout_shoals, hangedman_shoal_volcano
Spider:1: cheibrodos_forgotten_conduit
Spider:2: layout_spider_delve
Spider:3: layout_spider_delve, ebering_ghost_xom, hangedman_spider_mandibles,
          zaba_anthell, nicolae_spider_cling_halls
Spider:4: spider_rune_water, uniq_kirke, uniq_aizul
Slime:1:  layout_caves
Slime:2:  layout_caves
Slime:3:  layout_caves
Slime:4:  layout_caves, uniq_dissolution
Slime:5
Orc:1:    layout_diamond_mine, lightli_church_of_beogh, uniq_nergalle,
          uniq_snorg
Orc:2:    pf_orc_diabolical, layout_diamond_mine, serial_shops, shop,
          shop_fountains, shop, nicolae_shop_statue_plus
Elf:1:    layout_gridlike, hangedman_elf_disciples, nicolae_elf_m_pinch,
          grunt_ministairs_13
Elf:2:    layout_geoelf_octagon, serial_shops, shop, fountainhead, uniq_nikola
Elf:3:    minmay_elf_hall_hex, layout_loops_corners, serial_glass,
          glass_columns_b, glass_columns_c, glass_columns_a, glass_columns_c,
          glass_columns_a, glass_columns_a, serial_shops, shop
Vaults:1: grunt_vaults_hallway_long, ontoclasm_vaults_pinch,
          ontoclasm_vaults_idyll, nicolae_vaults_windows_and_doors_thing,
          v_misc_17, nicolae_vaults_big_ls, nicolae_vaults_little_squares_1,
          vaults_room_fancy_cross, ontoclasm_vaults_tryst,
          nicolae_vaults_three_branches, layout_vaults_big_cross
Vaults:2: nicolae_vaults_display_case, vaults_room_large_hall, v_misc_13,
          nicolae_vaults_yaktaur_gun_rack, hangedman_vaults_capsules,
          v_alt_pattern_1, ontoclasm_vaults_fault, layout_vaults_omnigrid,
          minmay_crypt_entry_necro_gods, serial_shops, shop, uniq_jory
Vaults:3: v_misc_28, v_alt_pattern_1, nicolae_vaults_network_s,
          nicolae_vaults_asterisk, v_misc_10, v_misc_10, v_pattern_3,
          vaults_room_door_ring, vaults_room_boxed, grunt_vaults_diagonal,
          sword_in_stone, layout_vaults_big_room, serial_shops, freezing_bzr,
          uniq_margery
Vaults:4: vaults_mumra_hexcomb, nicolae_vaults_little_squares_2,
          dpeg_vaults_monster_box, nicolae_vaults_shelves_hall,
          nicolae_vaults_little_squares_6, v_rooms_6, grunt_vaults_focal,
          nicolae_vaults_big_angled_halls, nicolae_vaults_network_quinsquares
          [nicolae_vaults_network_quincunx_subvault,
          nicolae_vaults_network_quincunx_subvault,
          nicolae_vaults_network_quincunx_subvault,
          nicolae_vaults_network_quincunx_subvault],
          nicolae_vaults_mini_display_case, nicolae_vaults_diagonal_hallway_7,
          nicolae_vaults_little_squares_6, hangedman_vaults_nails,
          special_room_vaults [special_room_orc], grunt_vaults_hallway_short,
          layout_vaults_maze_bifur, serial_shops, shop
Vaults:5: serial_shops
Crypt:1:  layout_catacombs
Crypt:2:  layout_basic, uniq_saint_roka
Crypt:3:  evilmike_haunted_forest
Depths:1: layout_cave_pools, hell_entry, serial_sigils_hangedman_scar,
          hangedman_abyss_or_decor_jellyfish_corner, glass_columns_c,
          eino_tiny_chamber, lemuel_flames_and_gold
Depths:2: hangedman_slaughterboxes, pan_entry, hell_entry, abyss_entry
Depths:3: minmay_two_paths, layout_cave_pools, pan_entry, grunt_hell_horde,
          abyss_entry, dk_noncrumbling_2, nicolae_twisting_strands,
          nicolae_ashenzari_panopticon, infiniplex_staircase_pillars_1,
          uniq_mara
Depths:4: minmay_the_grid_square_5x5_4x4 [minmay_the_grid_square_5x5_trominoes,
          minmay_the_grid_square_5x5_moneybag,
          minmay_the_grid_square_5x5_detours, minmay_the_grid_square_5x5_lines,
          minmay_the_grid_square_5x5_two_walls_a,
          minmay_the_grid_square_5x5_prize_junk,
          minmay_the_grid_square_5x5_prize_snowflake,
          minmay_the_grid_square_5x5_tie, minmay_the_grid_square_5x5_hourglass,
          minmay_the_grid_square_5x5_prize_monsterx,
          minmay_the_grid_square_5x5_prize_open,
          minmay_the_grid_square_5x5_six_small,
          minmay_the_grid_square_5x5_three,
          minmay_the_grid_square_5x5_spiral_small,
          minmay_the_grid_square_5x5_pentomino_r,
          minmay_the_grid_square_5x5_three_small], layout_basic,
          rand_demon_pan_entry_5, abyss_entry_small_statue_room,
          pf_hell_entry_great_geh, minmay_staircase_statues
Depths:5: evilmike_zot_entry_castle, layout_gridlike,
          hangedman_decor_clover_reticule, grunt_pan_entry_spiral,
          hangedman_coc_ice_floe
Hell
Dis:1:    layout_gridville
Dis:2:    layout_jigsaw
Dis:3:    layout_chaotic_city
Dis:4:    layout_jigsaw
Dis:5:    layout_subdivisions
Dis:6:    hangedman_iron_city_apartments, layout_subdivisions
Dis:7:    dis_hangedman
Geh:1:    layout_gehenna_pools_box, hangedman_gehenna_grave_pits, door_vault,
          grunt_megastairs_3
Geh:2:    layout_gehenna_pools_basic
Geh:3:    layout_gehenna_lava_caves
Geh:4:    layout_gehenna_lava_caves
Geh:5:    layout_gehenna_pools_box
Geh:6:    layout_gehenna_lava_caves, lemuel_flamethrower_3
Geh:7:    geh_grunt_pentagon
Coc:1:    layout_ice_bergs
Coc:2:    layout_ice_bergs
Coc:3:    layout_ice_bergs
Coc:4:    layout_cocytus_water_paths
Coc:5:    layout_ice_bergs
Coc:6:    layout_ice_bergs, door_vault
Coc:7:    coc_old
Tar:1:    layout_grid_maze
Tar:2:    layout_grid_maze
Tar:3:    layout_catacombs
Tar:4:    layout_catacombs
Tar:5:    layout_grid_maze
Tar:6:    layout_catacombs
Tar:7:    tar_mu [tar_mu_maze]
Abyss:2:  base: Coc:4, bh_abyss_exit_grid, hangedman_abyss_monster_moat,
          hangedman_abyss_monster_moat, lemuel_firewalk_3,
          evilmike_abyss_exit_10, evilmike_abyss_exit_10, base: Tar:7, base:
          Dis:6, base: Slime:3, evilmike_abyss_exit_chaos,
          lemuel_flamethrower_3, hangedman_shadowy_showcase,
          evilmike_abyss_exit_12, hangedman_abyss_sting, evilmike_abyss_exit_8,
          hangedman_abyss_or_decor_slice, evilmike_abyss_exit_8,
          hangedman_abyss_or_decor_clamps, hangedman_abyss_or_decor_clamps,
          evilmike_abyss_exit_3, evilmike_abyss_exit_17,
          evilmike_abyss_exit_vortex, evilmike_abyss_exit_17, minivault_22,
          evilmike_abyss_exit_smiterflies, evilmike_abyss_exit_8,
          evilmike_abyss_exit_plants

Skill      XL: |  1  2  3  4  5  6  7  8  9 10 11 12 13 14 15 16 17 18 19 20 21 22 23 24 25 26 27 |
---------------+----------------------------------------------------------------------------------+-----
Axes           | 4 5 7 8 10 11 13 14 15 17 18 19 20 21 22 23 24 25 26 27 | 27.0
Fighting       | 4 5 6 7 8 9 10 11 12 14 15 16 17 18 19 20 21 22 23 24 26 27 | 27.0
Dodging        | 3 4 5 6 7 8 9 10 11 12 13 14 17 27 | 27.0
Stealth        | 1 27 | 27.0
Armour         | 4 6 7 8 9 10 11 12 13 14 15 16 17 18 27 | 27.0
Shields        | 2 4 7 9 11 13 14 16 17 19 20 21 22 23 24 25 26 27 | 27.0
Staves         | 1 |  1.5
Evocations     | 11 | 11.8
Maces & Flails | 24 | 24.7

Action                   |  1- 3 |  4- 6 |  7- 9 | 10-12 | 13-15 | 16-18 | 19-21 | 22-24 | 25-27 || total
-------------------------+-------+-------+-------+-------+-------+-------+-------+-------+-------++-------
Melee: Hand axe          |    91 |   173 |   204 |       |       |       |       |       |       ||   468
       Headbutt          |    13 |    28 |    55 |   125 |   194 |   286 |   352 |   361 |  2786 ||  4200
       War axe           |       |       |   108 |   551 |    30 |       |       |       |       ||   689
       Broad axe         |       |       |       |       |   870 |   989 |  1031 |   966 |  7873 || 11729
       Morningstar       |       |       |       |       |       |       |       |       |   275 ||   275
       Whip              |       |       |       |       |       |       |       |       |    19 ||    19
       Unarmed           |       |       |       |       |       |       |       |       |    19 ||    19
Invok: Berserk           |       |     1 |     4 |    11 |    11 |    12 |     5 |     6 |    23 ||    73
       Trog's Hand       |       |       |       |     4 |     5 |    10 |     8 |     6 |    92 ||   125
       Brothers in Arms  |       |       |       |     6 |     8 |    15 |    12 |     4 |    38 ||    83
Evoke: Wand              |       |       |       |       |       |       |     1 |     2 |       ||     3
  Use: Scroll            |       |       |       |     7 |     5 |    10 |    10 |    13 |    19 ||    64
       Potion            |       |       |       |     1 |     1 |       |     5 |     1 |    13 ||    21
 Stab: Sleeping          |     3 |     5 |       |       |       |       |       |       |     5 ||    13
       Distracted        |       |       |       |     1 |       |     1 |     2 |     1 |    61 ||    66
       Confused          |       |       |       |     1 |       |       |       |       |     5 ||     6
       Held in net/web   |       |       |       |       |       |     2 |       |       |       ||     2
       Petrifying        |       |       |       |       |       |       |       |       |     1 ||     1
  Eat: Chunk             |     2 |    11 |    12 |    25 |    40 |    44 |    33 |    13 |    64 ||   244
       Ration            |       |       |     2 |     3 |     5 |     4 |     4 |     8 |    54 ||    80
Armor: Animal skin       |    28 |    20 |       |       |       |       |       |       |       ||    48
       Ring mail         |       |     9 |    64 |    15 |       |       |       |       |       ||    88
       Scale mail        |       |       |       |   171 |    17 |       |       |       |       ||   188
       Plate armour      |       |       |       |       |    27 |       |    89 |   122 |       ||   238
       Pearl dragon scal |       |       |       |       |    72 |    67 |    51 |       |       ||   190
       Swamp dragon scal |       |       |       |       |    44 |    73 |       |       |       ||   117
       Gold dragon scale |       |       |       |       |       |       |       |    13 |   862 ||   875
       Fire dragon scale |       |       |       |       |       |       |       |       |    38 ||    38
       Skin              |       |       |       |       |       |       |       |       |     9 ||     9
Dodge: Dodged            |    54 |    99 |   145 |   217 |   434 |   416 |   285 |   229 |  1937 ||  3816
Block: Other             |       |    23 |    24 |       |       |       |       |       |       ||    47
       Reflection        |       |     1 |     2 |    41 |    13 |    91 |       |       |       ||   148
       Kite shield       |       |       |   128 |   472 |   764 |   871 |    90 |       |   125 ||  2450
       Tower shield      |       |       |       |       |       |       |   707 |   775 |  8016 ||  9498
